 Dungeon Crawl Stone Soup version 0.18.1-50-g88ac8fd (webtiles) character file.

270 go0n the Shield-Bearer (level 6, -6/52 HPs)
             Began as a Minotaur Fighter on Sept 16, 2016.
             Killed by divine providence
             ... invoked by an orc priest
              (11 damage)
             ... on level 4 of the Dungeon.
             The game lasted 00:11:05 (2893 turns).

go0n the Shield-Bearer (Minotaur Fighter)           Turns: 2893, Time: 00:11:07

Health: -6/52      AC:  8    Str: 27    XL:     6   Next: 1%
Magic:  5/5        EV:  8    Int:  5    God:
Gold:   93         SH: 11    Dex: 10    Spells: 0 memorised, 5 levels left

rFire  x . .     SeeInvis .     u - +0 long sword
rCold  + . .     Gourm    .     w - +0 scale mail
rNeg   . . .     Faith    .     c - +0 shield
rPois  .         Spirit   .     (helmet restricted)
rElec  .         Dismiss  .     (no cloak)
rCorr  .         Reflect  .     v - +0 pair of gloves
SustAt .         Harm     .     (no boots)
MR     .....                    (no amulet)
Stlth  ..........               (no ring)
                                m - ring of ice

@: mighty, not resistant to hostile enchantments, extremely unstealthy
A: retaliatory headbutt, horns 2
a: no special abilities


You were on level 4 of the Dungeon.
You were not hungry.

You visited 1 branch of the dungeon, and saw 4 of its levels.

You collected 93 gold pieces.

Inventory:

Hand Weapons
 a - a +0 long sword
 u - a +0 long sword (weapon)
Armour
 b - a +0 scale mail
 c - a +0 shield (worn)
 v - a +0 pair of gloves (worn)
 w - a +0 scale mail (worn)
Jewellery
 m - a ring of ice (left hand)
Scrolls
 i - a scroll of amnesia
 k - 2 scrolls of magic mapping
Potions
 g - a potion of resistance
Comestibles
 f - a bread ration
 h - 2 chunks of flesh
 j - a meat ration
 t - a royal jelly


   Skills:
 - Level 4.0 Fighting
 + Level 5.2 Long Blades
 - Level 3.8 Armour
 + Level 6.2 Shields


You had 5 spell levels left.
You didn't know any spells.

Dungeon Overview and Level Annotations

Branches:
Dungeon (4/15)
 Temple: D:4-7

Altars:
Gozag
Nemelex Xobeh
Xom


Innate Abilities, Weirdness & Mutations

You reflexively headbutt those who attack you in melee.
You have a pair of horns on your head.


Message History

* * * LOW HITPOINT WARNING * * *
The orc wizard hits you but does no damage.
You closely miss the orc wizard.
The orc wizard is severely wounded.
You block something's attack. The orc wizard barely misses you.
You barely miss something. You headbutt something.
Something hits you but does no damage.
The orc wizard casts a spell.
The orc wizard blinks!
The orc priest calls upon Beogh to heal the orc wizard.
You block the orc wizard's attack. Something hits you but does no damage.
The orc wizard hits you but does no damage.
You closely miss the orc wizard.
The orc wizard is severely wounded.
Something hits you but does no damage.
The orc wizard casts a spell.
The orc wizard blinks!
The orc priest invokes the aid of Beogh against you.
Beogh smites you!
You die...

### #......####...# # ..#
######.....##.....# $# #.#
##...##.....##.....##..o #.#
#....###'#####..........
##.#####..................o...
.<....##.........o##.....#
..............(...####)###
.................§o...)..#
......##...##..§@{##.....##...
......##...#########..........
......##...# #.....##...
...........# #.......(..
...........# +..........
...........# #..........
......##...# #..........
......##...# #...####..#
............. #...# ..#


You could see an orc priest and an orc wizard.

Vanquished Creatures
  A scorpion (D:4)
  A jelly (D:3)
  An orc priest (D:3)
  Jessica (D:2)
  A worker ant (D:4)
  2 adders
  An ooze (D:1)
  2 worms
  4 dart slugs
  4 orcs
  7 giant cockroaches
  8 goblins
  7 hobgoblins
  6 jackals
  A quokka (D:3)
  7 bats
  4 giant newts
  10 kobolds
  5 rats
73 creatures vanquished.

Notes
Turn   | Place    | Note
--------------------------------------------------------------
     0 | D:1      | go0n the Minotaur Fighter began the quest for the Orb.
     0 | D:1      | Reached XP level 1. HP: 19/19 MP: 0/0
   111 | D:1      | Reached XP level 2. HP: 27/27 MP: 1/1
   243 | D:1      | Reached skill level 4 in Shields
   448 | D:1      | Reached XP level 3. HP: 31/33 MP: 2/2
  1074 | D:2      | Noticed Jessica
  1079 | D:2      | Killed Jessica
  1079 | D:2      | Reached XP level 4. HP: 32/40 MP: 3/3
  1345 | D:2      | Reached skill level 5 in Shields
  1886 | D:3      | Reached XP level 5. HP: 32/46 MP: 4/4
  1900 | D:3      | Found a sparkling altar of Nemelex Xobeh.
  1900 | D:3      | Found an opulent altar of Gozag.
  2107 | D:3      | Found a shimmering altar of Xom.
  2862 | D:4      | Reached skill level 6 in Shields
  2887 | D:4      | Reached skill level 5 in Long Blades
  2887 | D:4      | Reached XP level 6. HP: 17/52 MP: 5/5
  2893 | D:4      | Killed from afar by an orc priest

Skill      XL: |  1  2  3  4  5 |
---------------+----------------+-----
Fighting       | 4 |  4.0
Shields        | 4 5 6 |  6.2
Long Blades    | 3 4 5 |  5.2
Armour         | |  3.8

Action                   |  1- 3 |  4- 6 || total
-------------------------+-------+-------++-------
Melee: Long sword        |   103 |   115 ||   218
       Headbutt          |    14 |    19 ||    33
  Use: Scroll            |       |     7 ||     7
       Potion            |       |     5 ||     5
 Stab: Invisible         |       |     2 ||     2
  Eat: Chunk             |     1 |     1 ||     2
       Meat ration       |       |     1 ||     1
Armor: Scale mail        |    59 |    67 ||   126
Dodge: Dodged            |    44 |    31 ||    75
Block: Shield            |    82 |    74 ||   156
